 Dungeon Crawl Stone Soup version 0.27.1-33-g824d729ab1 (webtiles) character file.

Game seed: 11112032778229650615

119 SibleyIrresistible the Gusty (level 5, -4/28 HPs)
             Began as a Tengu Air Elementalist on Dec 21, 2021.
             Killed from afar by Ijyb (15 damage)
             ... with an iceblast
             ... on level 3 of the Dungeon.
             The game lasted 00:08:58 (2351 turns).

SibleyIrresistible the Gusty (TeAE)                 Turns: 2351, Time: 00:08:59

Health: -4/28      AC:  3    Str:  8    XL:     5   Next: 3%
Magic:  7/9        EV: 14    Int: 16    God:
Gold:   108        SH:  0    Dex: 15    Spells: 7/8 levels left

rFire    . . .     SeeInvis .   (no weapon)
rCold    . . .     Faith    .   (no shield)
rNeg     . . .     Spirit   .   a - +0 robe
rPois    .         Reflect  .   (helmet restricted)
rElec    .         Harm     .   (no cloak)
rCorr    .         Rampage  .   f - +0 pair of gloves
Will     .....                  (boots unavailable)
Stlth    ++........             (no amulet)
HPRegen  0.09/turn              (no ring)
MPRegen  0.11/turn              (no ring)

@: flying quickly and evasively, quick
A: beak, talons 3, nimble flight
a: no special abilities


You were on level 3 of the Dungeon.
You visited 1 branch of the dungeon, and saw 3 of its levels.

You collected 108 gold pieces.

Inventory:

Armour
 a - a +0 robe (worn)
 f - a +0 pair of gloves (worn)
Scrolls
 b - 3 scrolls of immolation {unknown}
 d - a scroll of fog {unknown}
 e - a scroll of identify {unknown}
 h - 2 scrolls of noise {unknown}
 i - a scroll of enchant weapon {unknown}
 k - a scroll of brand weapon {unknown}
Potions
 c - a potion of attraction {unknown}
 g - a potion of haste {unknown}
 j - a potion of curing {unknown}


   Skills:
 - Level 2.1 Dodging
 - Level 2.0 Stealth
 - Level 2.0 Spellcasting
 - Level 1.3 Conjurations
 * Level 7.3 Air Magic


You had 7 spell levels left.
You knew the following spells:

 Your Spells              Type           Power      Damage    Failure   Level
a - Shock                 Conj/Air       60%        1d6       3%          1

Your spell library contained the following spells:

 Spells                   Type           Power      Damage    Failure   Level
 Swiftness                Air            25%        N/A       3%          3
 Static Discharge         Conj/Air       15%        N/A       5%          2
 Airstrike                Air            12%        N/A       10%         4


Dungeon Overview and Level Annotations

Branches:
Dungeon (3/15)

Altars:

Annotations:
D:3 Ijyb


Innate Abilities, Weirdness & Mutations

You have a beak for a mouth.
You have claws for feet.
Your magical nature lets you fly swiftly and evasively.


Message History

There is a stone staircase leading down here.
You fly downwards.
There is a stone staircase leading up here.
Found a scroll labelled HEXKUA YNILAL.
b - 3 scrolls labelled HEXKUA YNILAL (gained 1) Ijyb the Twisted Goblin comes into view.
She is wielding a +0 dagger and carrying a wand of iceblast (11).
Casting: Shock (safe; 3% risk of failure)
Confirm with . or Enter, or press ? or * to list all spells.
Aiming: Shock (safe; 3% risk of failure)
Press: ? - help, Shift-Dir - straight line, f - Ijyb
Aim: Ijyb, wielding a +0 dagger, wearing a +0 leather armour and carrying a wand of iceblast (11) (asleep, 100% to hit)
The zap hits Ijyb.
Ijyb is lightly wounded.
Casting: Shock (safe; 3% risk of failure)
Confirm with . or Enter, or press ? or * to list all spells.
Aiming: Shock (safe; 3% risk of failure)
Press: ? - help, Shift-Dir - straight line, f/p - Ijyb
Aim: Ijyb, wielding a +0 dagger, wearing a +0 leather armour and carrying a wand of iceblast (11) (lightly wounded, 64% to hit)
The zap misses Ijyb.
Ijyb screams, "Level is mine!
All mine!"
Ijyb zaps a wand.
The mass of ice explodes!
The iceblast engulfs you!
Ijyb zaps a wand.
The mass of ice explodes!
The iceblast engulfs you!
Found a scroll labelled XEKKAWNYTIM.
Casting: Shock (safe; 3% risk of failure)
Confirm with . or Enter, or press ? or * to list all spells.
Aiming: Shock (safe; 3% risk of failure)
Press: ? - help, Shift-Dir - straight line, f/p - Ijyb
Aim: Ijyb, wielding a +0 dagger, wearing a +0 leather armour and carrying a wand of iceblast (9) (64% to hit)
The zap hits Ijyb.
Ijyb is lightly wounded.
Casting: Shock (safe; 3% risk of failure)
Confirm with . or Enter, or press ? or * to list all spells.
Aiming: Shock (safe; 3% risk of failure)
Press: ? - help, Shift-Dir - straight line, f/p - Ijyb
Aim: Ijyb, wielding a +0 dagger, wearing a +0 leather armour and carrying a wand of iceblast (9) (lightly wounded, 64% to hit)
The zap hits Ijyb but does no damage.
Ijyb is lightly wounded.
Ijyb zaps a wand.
The mass of ice explodes!
The iceblast engulfs you!
Ouch! That really hurt!
You die...

##### #...#####
########## #........
###.#........###...##.##
.......@####..........##
.........g........######
........########### #
........# # .......## #
.?....# . ...... #
...### ..


You could see Ijyb.

Vanquished Creatures
  4 gnolls (D:2)
  An adder (D:2)
  2 worms (D:2)
  2 dart slugs (D:2)
  6 endoplasms
  2 giant cockroaches (D:1)
  2 goblins (D:1)
  4 hobgoblins
  7 jackals (D:1)
  2 quokkas
  8 ball pythons
  7 bats
  A frilled lizard (D:2)
  6 kobolds
  7 rats
61 creatures vanquished.

Notes
Turn   | Place    | Note
-------+----------+-------------------------------------------
     0 | D:1      | SibleyIrresistible the Tengu Air Elementalist began the
                  | quest for the Orb.
     0 | D:1      | Reached XP level 1. HP: 10/10 MP: 4/4
   149 | D:1      | Reached XP level 2. HP: 14/15 MP: 3/6
   228 | D:1      | Found a faded altar of an unknown god.
   385 | D:1      | Reached skill level 5 in Air Magic
   697 | D:1      | Reached XP level 3. HP: 19/19 MP: 4/7
  1341 | D:2      | Reached skill level 6 in Air Magic
  1472 | D:2      | Reached XP level 4. HP: 24/24 MP: 3/8
  1686 | D:2      | Reached skill level 7 in Air Magic
  2018 | D:2      | Gained mutation: Your magical nature lets you fly swiftly
                  | and evasively. [Tengu growth]
  2018 | D:2      | Reached XP level 5. HP: 28/28 MP: 3/9
  2327 | D:3      | Noticed Ijyb
  2351 | D:3      | Killed from afar by Ijyb

Illustrated notes

Levels and vault maps discovered:
D:1:      shiori_shiawase, layout_basic, hellmonk_ecumenical_altar_lost_god
D:2:      layout_basic, minmay_split_cup_large
D:3:      layout_loops_ring, kennysheep_orc_chapel, uniq_ijyb,
          uniq_crazy_yiuf_cottage

Skill      XL: |  1  2  3  4 |
---------------+-------------+-----
Air Magic      | 5 6 7 |  7.3
Dodging        | |  2.1
Stealth        | |  2.0
Spellcasting   | |  2.0
Conjurations   | |  1.3

Action                   |  1- 3 |  4- 6 || total
-------------------------+-------+-------++-------
Melee: Unarmed           |    19 |     3 ||    22
       Kick              |     5 |     2 ||     7
       Peck              |     4 |       ||     4
 Cast: Shock             |    60 |    57 ||   117
 Stab: Sleeping          |     1 |       ||     1
Armor: Robe              |     6 |     1 ||     7
Dodge: Dodged            |    14 |     1 ||    15
